 Dungeon Crawl Stone Soup version 0.29.1-15-g9cfb28693d (webtiles) character file.

Game seed: 17216932762318597276

300 McKennaii the Digger (level 5, -13/38 HPs)
             Began as a Demigod Earth Elementalist on Feb 28, 2023.
             Mangled by a gnoll sergeant
             ... wielding a +5 trident of protection
              (17 damage)
             ... on level 3 of the Dungeon.
             The game lasted 00:02:03 (2134 turns).

McKennaii the Digger (Demigod Earth Elementalist)   Turns: 2134, Time: 00:02:04

Health: -13/38     AC:  2    Str:  9    XL:     5   Next: 89%
Magic:  13/14      EV: 12    Int: 21    God:
Gold:   197        SH:  0    Dex: 14    Spells: 8/12 levels left

rFire   + . .      SeeInvis .   j - +2 scythe (vamp)
rCold   + . .      Faith    .   (shield currently unavailable)
rNeg    + . .      Spirit   .   a - +0 robe
rPois   .          Reflect  .   (no helmet)
rElec   .          Harm     .   t - scarf {rC+ rF+}
rCorr   .          Rampage  .   (no gloves)
Will    .....                   (no boots)
Stlth   ++........              v - amulet of magic regeneration
HPRegen 0.12/turn               d - ring of positive energy
MPRegen 0.54/turn               (no ring)

@: very slightly contaminated
A: high MP 1, forlorn, divine attributes
a: no special abilities


You were on level 3 of the Dungeon.
You visited 1 branch of the dungeon, and saw 3 of its levels.

You collected 197 gold pieces.

Inventory:

Hand Weapons
 g - a +1 dagger of venom
 j - a +2 vampiric scythe (weapon)
Missiles
 n - 2 throwing nets
Armour
 a - a +0 robe (worn)
 t - a scarf of resistance (worn)
Jewellery
 d - a ring of positive energy (left hand)
 h - a ring of ice
 v - an amulet of magic regeneration (around neck)
Wands
 c - a wand of flame (11)
Scrolls
 e - 4 scrolls of identify {unknown}
 f - a scroll of butterflies {unknown}
 i - a scroll of teleportation {unknown}
 l - a scroll of magic mapping {unknown}
 m - a scroll of immolation {unknown}
 o - a scroll of blinking {unknown}
 p - a scroll of fear {unknown}
 r - a scroll of enchant weapon {unknown}
 s - a scroll of amnesia {unknown}
Potions
 b - a potion of magic
 k - a potion of heal wounds {unknown}
 q - a potion of flight {unknown}
 u - a potion of haste {unknown}
 w - a potion of resistance


   Skills:
 - Level 1.7 Dodging
 - Level 1.7 Stealth
 + Level 4.0 Spellcasting
 - Level 0.8 Transmutations
 + Level 4.8 Earth Magic


You had 8 spell levels left.
You knew the following spells:

 Your Spells              Type           Power      Damage    Failure   Level
a - Sandblast             Erth           48%        2d12      1%          1
b - Stone Arrow           Conj/Erth      28%        3d8       13%         3

Your spell library contained the following spells:

 Spells                   Type           Power      Damage    Failure   Level
 Passwall                 Tmut/Erth      13%        N/A       5%          2
 Petrify                  Tmut/Erth      16%        N/A       36%         4


Dungeon Overview and Level Annotations

Branches:
Dungeon (3/15)


Innate Abilities, Weirdness & Mutations

You have an increased reservoir of magic. (+10% MP)
You shall have no god before yourself.
Your divine heritage dramatically boosts your attributes as you level up.


Message History

A gnoll is nearby!
The blast of sand hits the gnoll.
The gnoll is severely wounded.
The gnoll barely misses you.
The blast of sand hits the gnoll!
You kill the gnoll!
You see here a +0 whip.
Found a leather armour.
You see here a +1 vorpal flail.
The gnoll sergeant shouts!
You see here a +0 hand axe.
w - a potion of resistance You see here a +0 leather armour.
You see here a +0 vorpal hand axe.
You can't see any susceptible monsters within range! (Use Z to cast anyway.)
You see here a +0 leather armour.
A gnoll sergeant is nearby!
Casting: Sandblast (safe; 1% risk of failure)
Confirm with . or Enter, or press ? or * to list all spells.
The spell is quite dangerous to miscast (13% risk of failure)!
Continue anyway?
Okay, then.
You miscast Sandblast.
You are very lightly contaminated with residual magic.
Nothing appears to happen.
The gnoll sergeant hits you from afar with a +5 trident of protection.
The blast of sand hits the gnoll sergeant but does no damage.
The gnoll sergeant hits you from afar with a +5 trident of protection!
The blast of sand hits the gnoll sergeant but does no damage.
The gnoll sergeant hits you from afar with a +5 trident of protection.
The gnoll sergeant hits you from afar with a +5 trident of protection!
* * * LOW HITPOINT WARNING * * *
Unknown command.
Casting: Sandblast (safe; 1% risk of failure)
Confirm with . or Enter, or press ? or * to list all spells.
Aiming: Sandblast (safe; 1% risk of failure)
Press: ? - help, Shift-Dir - straight line, f/p - gnoll sergeant
Aim: a gnoll sergeant, wielding a +5 trident of protection and wearing a +0 scale mail (87% to hit)
The blast of sand hits the gnoll sergeant but does no damage.
The gnoll sergeant hits you from afar with a +5 trident of protection!
You die...

#..........#######
#........<.......#
#.......>..#######
#......)#.##♣ ♣♣♣♣
#.......#.# ♣...)♣♣
#.......########..♣♣♣
#........# #...#....♣♣♣
####.#######...#..♣..)♣♣###
###......##.)..'@.....)...#
.##..###.###..g#.♣.)..♣♣#.#
.##......# #...#..).♣♣♣##.#
......##.#######..♣♣♣ #..#
.##.......# ♣)[..♣♣ #.##
.##..###.## ♣♣♣♣♣♣
#.####### ###....).#
######.......# # #......#
######<.....#####.#
##.##### #......###### #.##


You could see a gnoll sergeant.

Vanquished Creatures
  Sigmund (D:2)
  Terence (D:3)
  5 gnolls (D:3)
  2 adders (D:3)
  A dart slug (D:3)
  3 orcs (D:3)
  5 ball pythons
  9 endoplasms
  A goblin (D:1)
  2 hobgoblins (D:1)
  7 kobolds
  A quokka (D:1)
  2 bats
  4 frilled lizards
  A rat (D:3)
45 creatures vanquished.

Notes
Turn   | Place    | Note
-------+----------+-------------------------------------------
     0 | D:1      | McKennaii the Demigod Earth Elementalist began the quest
                  | for the Orb.
     0 | D:1      | Reached XP level 1. HP: 14/14 MP: 5/5
   208 | D:1      | Reached XP level 2. HP: 20/20 MP: 2/7
   969 | D:2      | Noticed Sigmund
   978 | D:2      | Killed Sigmund
   979 | D:2      | Reached XP level 3. HP: 26/26 MP: 2/10
   979 | D:2      | Reached XP level 4. HP: 33/33 MP: 2/12
   979 | D:2      | Reached XP level 5. HP: 38/38 MP: 2/13
  1396 | D:3      | Noticed Terence
  1403 | D:3      | Learned a level 3 spell: Stone Arrow
  1407 | D:3      | Killed Terence
  2116 | D:3      | Found the +3 woodcutter's axe {vorpal}
  2134 | D:3      | Mangled by a gnoll sergeant

Illustrated notes

Levels and vault maps discovered:
D:1:      dpeg_arrival_tiny_a, layout_basic
D:2:      layout_rooms, uniq_sigmund
D:3:      layout_loops_cross, pf_guarded_unrand_woodcutter, uniq_terence

Skill      XL: |  1  2  3  4  5 |
---------------+----------------+-----
Spellcasting   | 2 3 4 |  4.0
Earth Magic    | 3 4 |  4.8
Dodging        | |  1.7
Stealth        | |  1.7
Transmutations | |  0.8

Action                   |  1- 3 |  4- 6 || total
-------------------------+-------+-------++-------
Melee: Halberd           |       |     1 ||     1
 Cast: Sandblast         |    32 |    34 ||    66
  Use: Potion            |     3 |       ||     3
Armor: Skin              |     3 |       ||     3
       Robe              |       |     2 ||     2
Dodge: Dodged            |     2 |     5 ||     7
